 Dungeon Crawl Stone Soup version 0.23.0 (webtiles) character file.

Game seed: 8367302875056899604

451 blaro the Shield-Bearer (level 6, -16/56 HPs)
             Began as a Minotaur Fighter on Feb 15, 2019.
             Was a Follower of Okawaru.
             Demolished by an ogre
             ... wielding a +0 giant club
              (20 damage)
             ... on level 4 of the Dungeon.
             The game lasted 00:23:06 (2370 turns).

blaro the Shield-Bearer (Minotaur Fighter)          Turns: 2370, Time: 00:23:06

Health: -16/56     AC:  7    Str: 23    XL:     6   Next: 75%
Magic:  5/5        EV:  8    Int:  5    God:    Okawaru [*.....]
Gold:   147        SH: 10    Dex:  9    Spells: 5/5 levels left

rFire    . . .     SeeInvis .   a - +0 war axe
rCold    . . .     Gourm    .   c - +0 shield
rNeg     . . .     Faith    .   b - +0 scale mail
rPois    .         Spirit   .   (helmet restricted)
rElec    .         Reflect  .   (no cloak)
rCorr    .         Harm     .   (no gloves)
MR       .....                  (no boots)
Stlth    ..........             (no amulet)
HPRegen  0.18/turn              l - ring of wizardry
MPRegen  0.09/turn              (no ring)

@: no status effects
A: retaliatory headbutt, horns 2
a: Heroism, Renounce Religion


You were on level 4 of the Dungeon.
You worshipped Okawaru.
Okawaru was aware of your devotion.
You were not hungry.

You visited 1 branch of the dungeon, and saw 4 of its levels.

You collected 147 gold pieces.

Inventory:

Hand Weapons
 a - a +0 war axe (weapon)
Missiles
 m - 2 needles of confusion
 v - 19 poisoned needles (quivered)
Armour
 b - a +0 scale mail (worn)
 c - a +0 shield (worn)
 q - a +0 robe
 u - a +0 leather armour
 w - a +0 pair of gloves
 x - a +0 ring mail
 B - a +1 helmet
Jewellery
 j - an uncursed ring of poison resistance {unknown}
 l - a ring of wizardry (left hand)
Wands
 k - a wand of paralysis (6)
 y - a wand of polymorph (1)
Scrolls
 g - a scroll of random uselessness {unknown}
 h - 2 scrolls of remove curse {unknown}
 i - 4 scrolls of identify {unknown}
 n - 2 scrolls of enchant armour {unknown}
 p - 2 scrolls of amnesia {unknown}
 s - 2 scrolls of teleportation {unknown}
 t - 2 scrolls of enchant weapon {unknown}
Potions
 d - 2 potions of might
 e - 2 potions of agility {unknown}
 o - a potion of heal wounds {unknown}
 r - a potion of ambrosia {unknown}
 z - a potion of mutation {unknown}
 A - a potion of curing {unknown}
 C - a potion of lignification {unknown}
Comestibles
 f - 5 rations


   Skills:
 + Level 5.3 Fighting
 + Level 5.3 Axes
 + Level 4.5 Armour
 + Level 1.4 Dodging
 + Level 0.8 Stealth
 + Level 5.6 Shields
 + Level 0.4 Unarmed Combat


You had 5 spell levels left.
You didn't know any spells.
Your spell library was empty.

Dungeon Overview and Level Annotations

Branches:
Dungeon (4/15)
 Temple: D:4-7

Altars:
Ashenzari
Okawaru
Ru
Trog
Xom


Innate Abilities, Weirdness & Mutations

You reflexively headbutt those who attack you in melee.
You have a pair of horns on your head.


Message History

The gnoll hits you but does no damage. The quokka bites you.
* * * LOW HITPOINT WARNING * * *
You block the ogre's attack.
Your shield prevents you from hitting the ogre.
The ogre is almost dead.
You barely miss the quokka. The gnoll hits you but does no damage.
The quokka bites you but does no damage.
You block the ogre's attack.
The gnoll hits you from afar with a +0 spear.
* * * LOW HITPOINT WARNING * * *
The gnoll hits you from afar with a +0 spear.
* * * LOW HITPOINT WARNING * * *
The quokka bites you.
* * * LOW HITPOINT WARNING * * *
You barely miss the quokka. You headbutt the quokka.
You kill the quokka!
Okawaru accepts your kill.
You completely miss the ogre. You block the gnoll's attack. x2
The ogre hits you with a +0 giant club!!
You die...

#.............# ##.
#......##.....# #..
#......##...).###..
#......##..........
#......#######.....
#......### #.....
##.......# #.†...
######.......#
#.....
#...g.@......#
#.##.#
#.#####O...###
#.##.# #g...#
..##.# #.#.#
#####.# .#.# #.# .#
# #.# .. #.# # # #


You could see an ogre and 2 gnolls.

Vanquished Creatures
  3 orc priests (D:3)
  2 hounds (D:4)
  2 orc wizards (D:3)
  Jessica (D:2)
  A worker ant (D:4)
  Robin (D:2)
  6 adders
  An ooze (D:3)
  4 worms
  5 dart slugs
  6 leopard geckos
  10 orcs (D:3)
  3 giant cockroaches
  16 goblins
  10 hobgoblins
  2 jackals (D:2)
  3 quokkas
  11 bats
  3 frilled lizards
  9 kobolds
  8 rats
107 creatures vanquished.

Notes
Turn   | Place    | Note
-------+----------+-------------------------------------------
     0 | D:1      | blaro the Minotaur Fighter began the quest for the Orb.
     0 | D:1      | Reached XP level 1. HP: 19/19 MP: 0/0
    26 | D:1      | Reached XP level 2. HP: 25/27 MP: 1/1
   182 | D:1      | Reached XP level 3. HP: 33/33 MP: 2/2
   342 | D:2      | Noticed Robin
   352 | D:2      | Killed Robin
   609 | D:2      | Reached XP level 4. HP: 24/40 MP: 3/3
   714 | D:2      | Noticed Jessica
   718 | D:2      | Killed Jessica
   718 | D:2      | Reached skill level 5 in Shields
  1136 | D:3      | Reached XP level 5. HP: 42/47 MP: 4/4
  1274 | D:3      | Found an iron altar of Okawaru.
  1295 | D:3      | Became a worshipper of Warmaster Okawaru
  1410 | D:3      | Reached skill level 5 in Fighting
  1581 | D:3      | Reached skill level 1 in Dodging
  1678 | D:3      | Reached XP level 6. HP: 56/56 MP: 5/5
  1702 | D:3      | Found a shattered altar of Ashenzari.
  1714 | D:3      | Reached * piety under Okawaru
  1733 | D:3      | Found a shimmering altar of Xom.
  1734 | D:3      | Found a sacrificial altar of Ru.
  1736 | D:3      | Found an iron altar of Okawaru.
  1743 | D:3      | Found a bloodstained altar of Trog.
  1823 | D:3      | Reached skill level 5 in Axes
  2370 | D:4      | Demolished by an ogre

Skill      XL: |  1  2  3  4  5  6 |
---------------+-------------------+-----
Shields        | 4 5 |  5.6
Fighting       | 4 5 |  5.3
Axes           | 3 4 5 |  5.3
Armour         | 4 |  4.5
Dodging        | 1 |  1.4
Stealth        | |  0.8
Unarmed Combat | |  0.4

Action                   |  1- 3 |  4- 6 || total
-------------------------+-------+-------++-------
Melee: War axe           |    76 |   167 ||   243
       Headbutt          |     8 |    28 ||    36
       Unarmed           |       |    11 ||    11
  Eat: Ration            |       |     2 ||     2
Armor: Scale mail        |    43 |    78 ||   121
       Skin              |       |     2 ||     2
Dodge: Dodged            |    51 |    51 ||   102
Block: Shield            |    61 |   109 ||   170
